 Dungeon Crawl Stone Soup version 0.22-a0-268-g1cc83ef (webtiles) character file.

114 nikopol the Firebug (level 4, -4/24 HPs)
             Began as a Deep Elf Fire Elementalist on Mar 9, 2018.
             Slain by Grinder (6 damage)
             ... on level 3 of the Dungeon.
             The game lasted 00:04:24 (2080 turns).

nikopol the Firebug (Deep Elf Fire Elementalist)    Turns: 2080, Time: 00:04:24

Health: -4/24      AC:  3    Str:  5    XL:     4   Next: 66%
Magic:  3/12       EV: 13    Int: 21    God:
Gold:   88         SH:  0    Dex: 17    Spells: 10/11 levels left

rFire    . . .     SeeInvis .   (no weapon)
rCold    . . .     Gourm    .   (no shield)
rNeg     . . .     Faith    .   a - +1 robe
rPois    .         Spirit   .   (no helmet)
rElec    .         Reflect  .   (no cloak)
rCorr    .         Harm     .   (no gloves)
MR       .....                  (no boots)
Stlth    ++........             (no amulet)
HPRegen  0.08/turn              e - +2 ring of dexterity
MPRegen  0.13/turn              (no ring)

@: no status effects
A: no striking features
a: no special abilities


You were on level 3 of the Dungeon.
You were not hungry.

You visited 1 branch of the dungeon, and saw 3 of its levels.

You collected 88 gold pieces.

Inventory:

Armour
 a - a +1 robe (worn)
Jewellery
 e - a +2 ring of dexterity (left hand)
Scrolls
 b - a scroll of enchant armour
 d - 3 scrolls of teleportation
 f - a scroll of blinking {unknown}
 j - 2 scrolls of remove curse
Potions
 h - a potion of invisibility {unknown}
 i - 2 potions of curing
 k - a potion of degeneration {unknown}
 l - a potion of flight {unknown}
Comestibles
 c - 5 rations
 g - 7 chunks of flesh


   Skills:
 + Level 0.1 Fighting
 + Level 2.7 Dodging
 + Level 2.7 Stealth
 + Level 4.3 Spellcasting
 + Level 2.0 Conjurations
 + Level 4.7 Fire Magic


You had 10 spell levels left.
You knew the following spells:

 Your Spells              Type           Power        Failure   Level  Hunger
a - Flame Tongue          Conj/Fire      ###..        2%          1    None


Dungeon Overview and Level Annotations

Branches:
Dungeon (3/15)

Altars:
Elyvilon
Fedhas
Vehumet
Yredelemnul

Annotations:
D:3 Grinder


Message History

Press: ? - help, Shift-Dir - straight line, f/p - Grinder
Aim: Grinder (severely wounded)
The flame tongue hits Grinder.
Grinder is almost dead.
Grinder hits you.
* * * LOW HITPOINT WARNING * * *
You writhe in agony.
* * * LOW HITPOINT WARNING * * *
Casting: Flame Tongue (safe; 2% risk of failure)
Confirm with . or Enter, or press ? or * to list all spells.
You don't know that spell.
Casting: Flame Tongue (safe; 2% risk of failure)
Confirm with . or Enter, or press ? or * to list all spells.
Aiming: Flame Tongue (safe; 2% risk of failure)
Press: ? - help, Shift-Dir - straight line, f/p - Grinder
Aim: Grinder (almost dead)
The flame tongue hits Grinder.
Grinder appears unharmed.
Grinder is almost dead.
Grinder hits you.
You die... ###### ###....# #.# PP^

.......# #.###.#
.##.#..# #..#P.##
.##....# #..##..
.##.#..# #..##.#
.##.#..#####).##.##
..............#...#.#
....#.####......@...#
.##.#.#
#.#..###5?.....
.##.#.#.......#
#..##.#
###.#.######..# ..#
#.#.# #..# .# #.#.#
.... .. #.#.# ###...
.. #.... ... ....


You could see Grinder.

Vanquished Creatures
  Jessica (D:2)
  4 adders
  A gnoll (D:1)
  2 worms (D:2)
  2 bats
  5 giant cockroaches
  6 goblins
  8 hobgoblins
  2 frilled lizards
  5 kobolds
  2 rats
38 creatures vanquished.

Notes
Turn   | Place    | Note
-------+----------+-------------------------------------------
     0 | D:1      | nikopol the Deep Elf Fire Elementalist began the quest for the Orb.
     0 | D:1      | Reached XP level 1. HP: 10/10 MP: 6/6
    81 | D:1      | Reached XP level 2. HP: 6/15 MP: 4/8
   751 | D:1      | Reached XP level 3. HP: 19/19 MP: 6/10
  1473 | D:2      | Noticed Jessica
  1480 | D:2      | Killed Jessica
  1480 | D:2      | Reached XP level 4. HP: 21/24 MP: 6/12
  1534 | D:2      | Found a radiant altar of Vehumet.
  1964 | D:2      | Found a basalt altar of Yredelemnul.
  1964 | D:2      | Found a blossoming altar of Fedhas.
  1964 | D:2      | Found a white marble altar of Elyvilon.
  2071 | D:3      | Noticed Grinder
  2080 | D:3      | Slain by Grinder

Vault maps used:
D:1:      mainiacjoe_arrival_reflecting_pool, minmay_tetromino_o2
D:2:      lemuel_doored_altar, gammafunk_temple_overflow_claw, uniq_jessica
D:3:      nicolae_ru_the_path_less_chosen, uniq_grinder

Skill      XL: |  1  2  3  4 |
---------------+-------------+-----
Fire Magic     | 4 |  4.7
Spellcasting   | 4 |  4.3
Conjurations   | 2 |  2.0
Fighting       | |  0.1
Dodging        | |  2.7
Stealth        | |  2.7

Action                   |  1- 3 |  4- 6 || total
-------------------------+-------+-------++-------
 Cast: Flame Tongue      |    55 |    32 ||    87
  Use: Scroll            |     5 |       ||     5
       Potion            |     1 |       ||     1
  Eat: Chunk             |     1 |     2 ||     3
Armor: Robe              |     1 |     1 ||     2
Dodge: Dodged            |     7 |     6 ||    13

Table legend:
 A = Spawn XP
 B = Non-spawn XP
 C = Spawn XP percentage of total XP
 D = Spawn monster count
 E = Non-spawn monster count
 F = Spawn count percentage of total count
 G = Total turns spent on level
                    A         B        C        D         E        F      G
               +---------+---------+-------+---------+---------+-------+---------
         Total |       0 |     163 |   0.0 |       0 |      38 |   0.0 |  2080
               +---------+---------+-------+---------+---------+-------+---------
           D:1 |       0 |      43 |   0.0 |       0 |      19 |   0.0 |  1185
           D:2 |       0 |     100 |   0.0 |       0 |      14 |   0.0 |   832
           D:3 |       0 |      20 |   0.0 |       0 |       5 |   0.0 |    63
               +---------+---------+-------+---------+---------+-------+---------
